 Dungeon Crawl Stone Soup version 0.29.0-13-gc9e81de378 (webtiles) character file.

Game seed: 6675594458743511459

1014 LustLizard the Ruffian (level 8, 0/79 HPs)
             Began as a Troll Fighter on Sept 8, 2022.
             Slain by a hornet (12 damage)
             ... on level 6 of the Dungeon.
             The game lasted 00:15:08 (4292 turns).

LustLizard the Ruffian (Troll Fighter)              Turns: 4292, Time: 00:15:08

Health: 0/79       AC:  7    Str: 25    XL:     8   Next: 1%
Magic:  7/7        EV:  8    Int:  6    God:
Gold:   66         SH:  8    Dex:  9    Spells: 7/7 levels left

rFire   . . .      SeeInvis .     - Unarmed
rCold   . . .      Faith    .   b - +0 kite shield
rNeg    . . .      Spirit   .   v - +1 robe of the Earth {rElec rCorr}
rPois   .          Reflect  .   (helmet restricted)
rElec   +          Harm     .   s - +1 cloak {rCorr}
rCorr   +          Rampage  .   (gloves unavailable)
Will    .....                   (boots unavailable)
Stlth   +.........              (no amulet)
HPRegen 1.03/turn               (no ring)
MPRegen 0.10/turn               (no ring)

@: lethally poisoned (0 -> 0), slowed, invisible, very slow
A: large, unfitting armour, claws 3, regeneration 1, shaggy fur 1, tough skin 1
a: no special abilities


You were on level 6 of the Dungeon.
You visited 1 branch of the dungeon, and saw 6 of its levels.

You collected 198 gold pieces.
You spent 132 gold pieces at shops.

Inventory:

Missiles
 d - 27 poisoned darts (quivered)
 h - 82 stones
 q - 6 boomerangs
Armour
 a - a +0 robe
 b - a +0 kite shield (worn)
 s - a +1 cloak of preservation (worn)
 v - the +1 robe of the Earth (worn) {rElec rCorr}
   (You found it on level 4 of the Dungeon)

   rElec:     It insulates you from electricity.
   rCorr:     It protects you from acid and corrosion.
Jewellery
 C - a ring of fire
Wands
 w - a wand of charming (5)
 D - a wand of mindburst (4)
Scrolls
 f - 3 scrolls of teleportation
 g - 2 scrolls of magic mapping {unknown}
 j - 2 scrolls of fear {unknown}
 k - 2 scrolls of vulnerability {unknown}
 l - 3 scrolls of enchant weapon {unknown}
 m - a scroll of poison {unknown}
 n - a scroll of amnesia {unknown}
 y - a scroll of blinking {unknown}
Potions
 c - a potion of might
 e - 2 potions of heal wounds
 i - a potion of brilliance
 o - 2 potions of haste {unknown}
 p - a potion of mutation {unknown}
 r - a potion of berserk rage {unknown}
 t - a potion of magic {unknown}
 u - 2 potions of invisibility
 x - 2 potions of degeneration {unknown}
 z - 2 potions of cancellation {unknown}
 B - 2 potions of lignification {unknown}


   Skills:
 + Level 4.5 Fighting
 - Level 2.4 Dodging
 + Level 4.9 Shields
 * Level 6.8 Unarmed Combat


You had 7 spell levels left.
You didn't know any spells.
Your spell library contained the following spells:

 Spells                   Type           Power      Damage    Failure   Level
 Ozocubu's Armour         Ice            0%         N/A       97%         3
 Metabolic Englaciation   Hex/Ice        0%         N/A       100%        5
 Simulacrum               Ice/Necr       0%         N/A       100%        6


Dungeon Overview and Level Annotations

Branches:
Dungeon (6/15)
 Temple: D:4-7

Altars:
Dithmenos
Trog

Shops:
D:5 !


Innate Abilities, Weirdness & Mutations

You are too large for most types of armour.
You have claws for hands.
Your natural rate of healing is unusually fast.
You are covered in fur. (AC +1)
You have tough skin. (AC +1)


Message History

The hornet is moderately wounded.
The hornet stings you but does no damage.
The hornet stings you!
You are poisoned.
You feel as though you will be slow longer.
You mangle the hornet!!
The hornet is almost dead.
You feel very sick. The hornet stings you.
You are more poisoned.
You feel as though you will be slow longer.
The hornet stings you.
* * * LOW HITPOINT WARNING * * *
You feel as though you will be slow longer.
You feel better.
The hornet stings you but does no damage.
The hornet stings you.
* * * LOW HITPOINT WARNING * * *
You feel as though you will be slow longer.
You fade into invisibility!
You block the hornet's attack. The hornet stings you.
* * * LOW HITPOINT WARNING * * *
You are poisoned.
You feel as though you will be slow longer.
You block the hornet's attack.
You closely miss the hornet.
The hornet is severely wounded.
You feel very sick.
The hornet stings you but does no damage.
The hornet stings you.
* * * LOW HITPOINT WARNING * * *
You feel as though you will be slow longer.
You barely miss the hornet.
The hornet is severely wounded.
You feel very sick. The hornet barely misses you. x2
You miss the hornet.
The hornet is severely wounded.
You feel sick. You block the hornet's attack. The hornet stings you!
You die...

##### ## ....# ..# ....#
#### ...# ....## #..#
....# ##...#
##..##.....#
####.########...@y.(...(
# #.......##.####......
# #####......#### ....#
# ###.............# #
##............. .
#........... ..
...####...... . #.##
##..## #. #...


You could see a hornet (unable to see you).

Vanquished Creatures
  Eustachio (D:4)
  Edmund (D:4)
  An ogre (D:4)
  A kobold brigand (D:4)
  A bullfrog (D:6)
  2 scorpions (D:5)
  2 hounds
  An orc priest (D:3)
  Crazy Yiuf (D:3)
  A jelly (D:5)
  2 iguanas
  Ijyb (D:4)
  3 orc wizards
  5 adders
  2 worms
  A dart slug (D:1)
  8 orcs
  8 ball pythons
  5 endoplasms
  5 giant cockroaches
  6 goblins
  8 hobgoblins
  2 jackals (D:1)
  4 quokkas
  6 bats
  2 frilled lizards
  29 kobolds
  5 rats
114 creatures vanquished.

Vanquished Creatures (others)
  A fungus (D:3)
  30 plants (D:4)
31 creatures vanquished.

Grand Total: 145 creatures vanquished

Notes
Turn   | Place    | Note
-------+----------+-------------------------------------------
     0 | D:1      | LustLizard the Troll Fighter began the quest for the Orb.
     0 | D:1      | Reached XP level 1. HP: 22/22 MP: 0/0
   356 | D:1      | Found a faded altar of an unknown god.
   541 | D:1      | Reached XP level 2. HP: 28/29 MP: 1/1
  1180 | D:2      | Reached XP level 3. HP: 36/36 MP: 2/2
  1224 | D:2      | Reached skill level 3 in Unarmed Combat
  2011 | D:3      | Reached XP level 4. HP: 44/44 MP: 3/3
  2656 | D:3      | Reached XP level 5. HP: 53/53 MP: 4/4
  2715 | D:3      | Found a runed translucent door.
  2716 | D:3      | Noticed Crazy Yiuf
  2730 | D:3      | Killed Crazy Yiuf
  2731 | D:3      | Reached skill level 4 in Unarmed Combat
  2883 | D:4      | Identified the +1 robe of the Earth {rElec rCorr}
  3030 | D:4      | Found a shadowy altar of Dithmenos.
  3208 | D:4      | Noticed Ijyb
  3218 | D:4      | Killed Ijyb
  3219 | D:4      | Reached XP level 6. HP: 58/61 MP: 5/5
  3248 | D:4      | Found a bloodstained altar of Trog.
  3257 | D:4      | Reached skill level 5 in Unarmed Combat
  3359 | D:4      | Noticed Eustachio
  3369 | D:4      | Noticed Edmund
  3406 | D:4      | Killed Edmund
  3407 | D:4      | Reached XP level 7. HP: 53/68 MP: 6/6
  3433 | D:4      | Killed Eustachio
  3443 | D:4      | Reached skill level 6 in Unarmed Combat
  3784 | D:5      | Entered Level 5 of the Dungeon
  3889 | D:5      | Found Gofarukk's Distillery.
  3923 | D:5      | Bought a potion of curing for 36 gold pieces
  3923 | D:5      | Bought a potion of invisibility for 96 gold pieces
  4269 | D:6      | Noticed a hornet
  4273 | D:6      | Reached XP level 8. HP: 79/79 MP: 7/7
  4276 | D:6      | Paralysed by a hornet for 2 turns
  4292 | D:6      | Slain by a hornet

Illustrated notes

Levels and vault maps discovered:
D:1:      beargit_arrival_greenhouse, layout_basic,
          ebering_ecumenical_altar_hall, serial_forest,
          infiniplex_forest_lined_3, infiniplex_forest_zigzag_2,
          infiniplex_forest_lined_2, infiniplex_forest_straight_1,
          infiniplex_forest_corner_1, infiniplex_forest_lined_room_2,
          infiniplex_forest_straight_5, infiniplex_forest_end_1
D:2:      layout_basic, minivault_26
D:3:      layout_basic, due_unseen_surprise, uniq_crazy_yiuf_cottage
D:4:      kennysheep_kobold_camp, layout_cave_pools, trog_book,
          nicolae_dithmenos_shadow_blocks, grunt_ministairs_2, uniq_eustachio,
          uniq_edmund, uniq_ijyb
D:5:      layout_rooms, serial_shops, shop
D:6:      layout_rooms, minmay_temple_entry_slanted

Skill      XL: |  1  2  3  4  5  6  7 |
---------------+----------------------+-----
Shields        | 3 4 |  4.9
Unarmed Combat | 3 4 5 6 |  6.8
Fighting       | 3 4 |  4.5
Dodging        | |  2.4

Action                   |  1- 3 |  4- 6 |  7- 9 || total
-------------------------+-------+-------+-------++-------
Melee: Unarmed           |   114 |   193 |    92 ||   399
Throw: Dart              |     2 |       |     7 ||     9
       Stone             |     1 |       |       ||     1
  Use: Scroll            |     3 |       |       ||     3
       Potion            |       |     1 |     4 ||     5
 Stab: Sleeping          |     1 |       |       ||     1
Armor: Robe              |    41 |    49 |    13 ||   103
Dodge: Dodged            |    27 |    60 |    19 ||   106
Block: Kite shield       |    41 |    55 |    27 ||   123
